AoeStats
← a4rkangel

Arabia

506293619Analyzed
1v1 RM · 19d ago on Sep 13, 2026· 49m 26s· 2 players
Game mode
Random Map
Map size
Tiny (2 player)
Population
200
Speed
Normal
Resources
Standard
Victory
Conquest
Starting age
Dark Age
Ending age
Imperial Age
RankedLock teamsTeams togetherTeam positionsShared explorationLock speedFull tech treeHidden civsTurbo modeCheats
Victory
Defeat
🇦🇷 Bohemians · Argentina
719
+16
🇨🇱 Magyars · Chile
713
-16
a4rkangel
8:02 Loom
10:21 Feudal Age
11:36 Man-at-Arms
15:00 Arson
23:24 Castle Age
21:21 Double-Bit Axe
21:28 Gold Mining
24:15 Fletching
26:27 Bloodlines
26:10 Elite Skirmisher
26:54 Husbandry
29:37 Pikeman
30:27 Thumb Ring
31:13 Gold Shaft Mining
32:04 Crossbowman
32:36 Stone Mining
33:31 Horse Collar
34:37 Scale Barding Armor
37:11 Bodkin Arrow
37:36 Padded Archer Armor
39:40 Leather Archer Armor
39:57 Bow Saw
39:48 Heavy Plow
44:10 Chain Barding Armor
51:03 Imperial Age
49:10 Wheelbarrow
Estacomoloquita
9:20 Feudal Age
8:09 Loom
9:49 Double-Bit Axe
10:49 Man-at-Arms
11:51 Arson
13:01 Town Watch
15:48 Padded Archer Armor
17:56 Fletching
22:13 Horse Collar
27:35 Castle Age
28:03 Pikeman
28:43 Squires
28:57 Forging
28:48 Scale Mail Armor
29:25 Bow Saw
29:18 Heavy Plow
31:43 Treadmill Crane
34:19 Iron Casting
34:48 Wheelbarrow
38:21 Chain Mail Armor
40:30 Wagenburg Tactics
41:33 Chemistry
46:26 Imperial Age
43:58 Town Patrol
44:15 Hand Cart
44:14 Elite Skirmisher
47:49 Leather Archer Armor
47:29 Bodkin Arrow
49:14 Blast Furnace
Connection lost

Rejoining the realm…

Still unreachable

The connection could not be restored.

Session expired

The server has moved on; the page needs a fresh start.